 Dungeon Crawl Stone Soup version 0.23.2-1-ga50397a (webtiles) character file.

Game seed: 7123220417149635761

144 Goblin1989 the Skirmisher (level 5, 0/62 HPs)
             Began as an Ogre Hunter on May 10, 2019.
             Slain by an orc
             ... wielding a +0 mace
              (3 damage)
             ... on level 3 of the Dungeon.
             The game lasted 00:04:16 (3053 turns).

Goblin1989 the Skirmisher (Ogre Hunter)             Turns: 3053, Time: 00:04:17

Health: 0/62       AC:  3    Str: 16    XL:     5   Next: 27%
Magic:  5/5        EV: 10    Int: 12    God:
Gold:   39         SH:  0    Dex: 10    Spells: 4/4 levels left

rFire    . . .     SeeInvis .   Q - +2 short sword (holy)
rCold    . . .     Gourm    .   (no shield)
rNeg     . . .     Faith    .   b - +0 robe
rPois    .         Spirit   .   (helmet restricted)
rElec    .         Reflect  .   (no cloak)
rCorr    .         Harm     .   (gloves unavailable)
MR       .....                  (boots unavailable)
Stlth    +.........             (no amulet)
HPRegen  0.20/turn              (no ring)
MPRegen  0.09/turn              (no ring)

@: no status effects
A: large, unfitting armour, tough skin 1
a: no special abilities


You were on level 3 of the Dungeon.
You were not hungry.

You visited 1 branch of the dungeon, and saw 3 of its levels.

You collected 39 gold pieces.

Inventory:

Hand Weapons
 a - a +0 short sword
 P - a +1 hunting sling of freezing
 Q - a +2 short sword of holy wrath (weapon)
Missiles
 R - 20 sling bullets
 S - 104 stones (quivered) {@Q3}
 Z - 2 throwing nets {!d , @Q1}
Armour
 b - a +0 robe (worn)
Scrolls
 U - a scroll of remove curse {unknown}
 W - a scroll of teleportation {unknown}
Potions
 O - a potion of heal wounds {unknown}
 V - a potion of flight {unknown}
 X - a potion of cancellation {unknown}
 Y - 2 potions of curing {unknown}
Comestibles
 e - 2 rations
 T - a chunk of flesh


   Skills:
 + Level 7.0 Fighting
 - Level 4.0 Throwing
 - Level 1.7 Dodging
 - Level 0.6 Stealth


You had 4 spell levels left.
You didn't know any spells.
Your spell library was empty.

Dungeon Overview and Level Annotations

Branches:
Dungeon (3/15)

Altars:

Annotations:
D:2 1 runed translucent door, Crazy Yiuf


Innate Abilities, Weirdness & Mutations

You are too large for most types of armour.
You have tough skin. (AC +1)


Message History

You take 4 damage, and have 26/61 hp.
You bump into the rock wall.
Something hits you.
* * * LOW HITPOINT WARNING * * *
You take 1 damage, and have 25/61 hp.
You miss something. Something hits you but does no damage. Something hits you.
* * * LOW HITPOINT WARNING * * *
You take 2 damage, and have 23/61 hp.
You bump into the rock wall.
Something hits you.
* * * LOW HITPOINT WARNING * * *
You take 3 damage, and have 20/61 hp.
You completely miss something.
You feel less confused. Something hits you.
* * * LOW HITPOINT WARNING * * *
You take 1 damage, and have 19/61 hp.
You barely miss something. Something hits you but does no damage.
You closely miss something.
You hear some strange, mumbled words.
Something tries to affect you, but you resist.
You hit something but do no damage. Something hits you.
* * * LOW HITPOINT WARNING * * *
You take 5 damage, and have 15/61 hp.
You miss something. Something hits you but does no damage.
You hit something. Something hits you.
* * * LOW HITPOINT WARNING * * *
You take 2 damage, and have 13/61 hp.
Throwing (i - inventory. (/) - cycle)
c - 5 large rocks (quivered)
{!d, @Q4}
Press: ? - help, Shift-Dir - straight line, f - orc
Aim: an orc, wielding a +0 mace You throw a large rock {!d, @Q4}.
The large rock {!d, @Q4} hits the orc.
The orc is heavily wounded.
Something hits you but does no damage. Something hits you.
* * * LOW HITPOINT WARNING * * *
You take 2 damage, and have 11/61 hp.
Unknown command.
Throwing (i - inventory. (/) - cycle)
c - 4 large rocks (quivered)
{!d, @Q4}
Press: ? - help, Shift-Dir - straight line, f/p - orc
Aim: an orc, wielding a +0 mace (heavily wounded)
You throw a large rock {!d, @Q4}.
The large rock {!d, @Q4} barely misses the orc.
An orc wizard appears from thin air!
Reactivating autopickup.
The orc wizard casts a spell at you. You resist with some effort.
The orc wizard barely misses you.
Throwing (i - inventory. (/) - cycle)
c - 3 large rocks (quivered)
{!d, @Q4}
Press: ? - help, Shift-Dir - straight line, f/p - orc
Aim: an orc, wielding a +0 mace (heavily wounded)
You throw a large rock {!d, @Q4}.
The large rock {!d, @Q4} misses the orc wizard.
The large rock {!d, @Q4} closely misses the orc.
The orc wizard gestures at you while chanting.
You resist with some effort.
The orc wizard hits you with a +0 dagger.
* * * LOW HITPOINT WARNING * * *
You take 2 damage, and have 9/61 hp.
Throwing (i - inventory. (/) - cycle)
c - 2 large rocks (quivered)
{!d, @Q4}
Press: ? - help, Shift-Dir - straight line, f/p - orc
Aim: an orc, wielding a +0 mace (heavily wounded)
You throw a large rock {!d, @Q4}.
The large rock {!d, @Q4} hits the orc wizard.
The orc wizard is almost dead.
The orc wizard hits you with a +0 dagger.
* * * LOW HITPOINT WARNING * * *
You take 3 damage, and have 6/61 hp.
Throwing (i - inventory. (/) - cycle)
c - a large rock (quivered)
{!d, @Q4}
Press: ? - help, Shift-Dir - straight line, f/p - orc
Aim: an orc, wielding a +0 mace (heavily wounded)
You throw a large rock {!d, @Q4}.
The large rock {!d, @Q4} hits the orc wizard!!
You kill the orc wizard!
Your Fighting skill increases to level 7!
The orc barely misses you.
Unknown command.
You hit the orc.
The orc is lightly wounded.
The orc barely misses you.
You hit the orc.
The orc is heavily wounded.
The orc hits you.
* * * LOW HITPOINT WARNING * * *
You take 1 damage, and have 5/62 hp.
You closely miss the orc.
The orc is heavily wounded.
The orc closely misses you.
You hit the orc.
You kill the orc!
You completely miss the orc.
The orc is heavily wounded.
The orc hits you with a +0 mace.
* * * LOW HITPOINT WARNING * * *
You take 1 damage, and have 4/62 hp.
You completely miss the orc.
The orc is heavily wounded.
The orc hits you with a +0 mace.
* * * LOW HITPOINT WARNING * * *
You take 2 damage, and have 2/62 hp.
You hit the orc.
The orc is almost dead.
The orc hits you with a +0 mace.
You die...

█.████....█.███
██████<.......█
▲...........█∆███████
███████████.........█
█.........█
█.........█
███∆███████ █.█████
█..@o(█ █████.█ █.█
█.█ █.█ ..█ ..o█
...o. o....o


You could see an orc.

Vanquished Creatures
  An orc wizard (D:3)
  Terence (D:2)
  Robin (D:2)
  4 adders
  A worm (D:2)
  2 dart slugs (D:1)
  An orc (D:3)
  5 bats
  3 giant cockroaches
  13 goblins (D:2)
  3 hobgoblins
  6 frilled lizards
  3 rats
44 creatures vanquished.

Notes
Turn   | Place    | Note
-------+----------+-------------------------------------------
     0 | D:1      | Goblin1989 the Ogre Hunter began the quest for the Orb.
     0 | D:1      | Reached XP level 1. HP: 22/22 MP: 1/1
   182 | D:1      | Reached skill level 3 in Fighting
   430 | D:1      | Reached XP level 2. HP: 24/31 MP: 2/2
   979 | D:1      | Reached skill level 4 in Fighting
  1278 | D:2      | Reached XP level 3. HP: 33/40 MP: 3/3
  1740 | D:2      | Noticed Terence
  1772 | D:2      | Killed Terence
  1772 | D:2      | Reached skill level 5 in Fighting
  1772 | D:2      | Reached XP level 4. HP: 19/50 MP: 4/4
  2131 | D:2      | Noticed Robin
  2173 | D:2      | Reached skill level 6 in Fighting
  2203 | D:2      | Killed Robin
  2574 | D:2      | Found a runed translucent door.
  2575 | D:2      | Noticed Crazy Yiuf
  3018 | D:3      | Reached XP level 5. HP: 57/61 MP: 5/5
  3046 | D:3      | Reached skill level 7 in Fighting
  3052 | D:3      | HP: 2/62 [orc/+0 mace (2)]
  3053 | D:3      | Slain by an orc

Skill      XL: |  1  2  3  4  5 |
---------------+----------------+-----
Fighting       | 3 4 5 6 7 |  7.0
Throwing       | |  4.0
Dodging        | |  1.7
Stealth        | |  0.6

Action                   |  1- 3 |  4- 6 || total
-------------------------+-------+-------++-------
Melee: Short sword       |    92 |   107 ||   199
Throw: Large rock        |     1 |     8 ||     9
  Eat: Chunk             |     3 |     4 ||     7
Armor: Robe              |    17 |    50 ||    67
Dodge: Dodged            |    60 |    72 ||   132

Levels and vault maps discovered:
D:1:      erik_arrival_triangle_medium, layout_basic
D:2:      layout_basic, first_ration, uniq_robin, uniq_terence,
          uniq_crazy_yiuf_cottage
D:3:      layout_basic, xom_redecorated, uniq_ijyb
